 Dungeon Crawl Stone Soup version 0.28-a0-773-g130ae17fe5 (webtiles) character file.

Game seed: 10772109287978074367

2029 Demosthentine the Conjurer (level 9, -2/62 HPs)
             Began as a White Draconian Fire Elementalist on Nov 1, 2021.
             Was a Follower of Vehumet.
             Slain by a hornet (13 damage)
             ... on level 7 of the Dungeon.
             The game lasted 00:25:10 (7755 turns).

Demosthentine the Conjurer (DrFE)                   Turns: 7755, Time: 00:25:11

Health: -2/62      AC: 15    Str: 11    XL:     9   Next: 3%
Magic:  17/17      EV: 14    Int: 17    God:    Vehumet [*.....]
Gold:   134        SH:  0    Dex: 13    Spells: 4/19 levels left

rFire   . . .      SeeInvis .   (no weapon)
rCold   + . .      Faith    .   (no shield)
rNeg    . . .      Spirit   .   (armour unavailable)
rPois   +          Reflect  .   (helmet restricted)
rElec   .          Harm     .   e - +2 cloak
rCorr   .          Rampage  .   (no gloves)
Will    .....                   b - +0 pair of boots
Stlth   ++........              j - amulet of regeneration
HPRegen 1.20/turn               k - +4 ring of protection
MPRegen 0.15/turn               n - ring of poison resistance

@: no status effects
A: breathe frost, AC +7, unfitting armour, cold resistance 1, cold-blooded
a: Breathe Frost, Renounce Religion


You were on level 7 of the Dungeon.
You worshipped Vehumet.
Vehumet was aware of your devotion.
You visited 2 branches of the dungeon, and saw 8 of its levels.

You collected 231 gold pieces.
You spent 97 gold pieces at shops.

Inventory:

Armour
 b - a +0 pair of boots (worn)
 e - a +2 cloak (worn)
Jewellery
 j - an amulet of regeneration (around neck)
 k - a +4 ring of protection (left hand)
 n - a ring of poison resistance (right hand)
Scrolls
 f - 2 scrolls of fog
 p - a scroll of teleportation
Potions
 a - a potion of magic
 c - 2 potions of ambrosia {unknown}
 d - a potion of attraction
 g - a potion of invisibility
 h - 3 potions of heal wounds
 i - 3 potions of mutation
 l - 2 potions of brilliance {unknown}
 m - a potion of flight {unknown}
 o - 3 potions of curing {unknown}


   Skills:
 + Level 5.6 Dodging
 - Level 1.7 Stealth
 + Level 5.6 Spellcasting
 + Level 5.9 Conjurations
 - Level 5.4 Fire Magic
 + Level 0.3 Ice Magic


You had 4 spell levels left.
You knew the following spells:

 Your Spells              Type           Power      Damage    Failure   Level
a - Foxfire               Conj/Fire      96%        2x1d8     1%          1
b - Scorch                Fire           46%        2d7       2%          2
c - Conjure Flame         Conj/Fire      24%        6-21      3%          3
d - Flame Wave            Conj/Fire      24%        3d6       13%         4
e - Shock                 Conj/Air       56%        1d6       4%          1
f - Hailstorm             Conj/Ice       15%        3d5       36%         4

Your spell library contained the following spells:

 Spells                   Type           Power      Damage    Failure   Level
 Inner Flame              Hex/Fire       14%        N/A       13%         3
 Corpse Rot               Necr/Air       8%         N/A       21%         2
 Poisonous Vapours        Pois/Air       8%         N/A       21%         2
 Ice Form                 Ice/Tmut       5%         N/A       77%         4
 Simulacrum               Ice/Necr       2%         N/A       100%        6


Dungeon Overview and Level Annotations

Branches:
Dungeon (7/15)             Temple (1/1) D:4

Altars:
Cheibriados
Elyvilon
Fedhas
Gozag
Hepliaklqana
Kikubaaqudgha
Makhleb
Nemelex Xobeh
Okawaru
Qazlal
Ru
Trog
Uskayaw
Vehumet
Wu Jian
Yredelemnul
Zin
The Shining One

Shops:
D:2 *   D:6 *


Innate Abilities, Weirdness & Mutations

You can breathe waves of freezing cold which knock back foes.
Your icy white scales are hard. (AC +7)
You cannot fit into any form of body armour.
Your flesh is cold resistant. (rC+)
You are cold-blooded and may be slowed by cold attacks.


Message History

The hornet is lightly wounded.
The hornet stings you.
* * * LOW HITPOINT WARNING * * *
Unknown command.
You hit the hornet.
The hornet is lightly wounded.
The hornet closely misses you. The hornet barely misses you.
Unknown command.
Unknown command.
You completely miss the hornet.
The hornet is lightly wounded.
The hornet stings you but does no damage.
Unknown command.
You closely miss the hornet.
The hornet is lightly wounded.
The hornet stings you!
* * * LOW HITPOINT WARNING * * *
The hornet stings you but does no damage.
Unknown command.
You hit the hornet.
Your tail-slap misses the hornet.
The hornet is lightly wounded.
The hornet completely misses you.
You completely miss the hornet.
The hornet is lightly wounded.
The hornet stings you but does no damage. x2
Unknown command.
You hit the hornet but do no damage.
The hornet is lightly wounded.
The hornet misses you.
Unknown command.
You barely miss the hornet.
Your tail-slap misses the hornet.
The hornet is lightly wounded.
The hornet stings you.
* * * LOW HITPOINT WARNING * * *
The hornet closely misses you.
Unknown command.
You barely miss the hornet.
The hornet is lightly wounded.
The hornet stings you!
You die...

.. #.....#..######.#.#
#.#....##.........#..
#......##....########
###.#..###...########
#....# #.........))
####.# #...........
#...####........).
##.##..............
#.@.+..............
#.y.#..............
#...#..............
...................
........#...........
#........#...........
.........#...........
##........#...........
#.......####


You could see a hornet.

Vanquished Creatures
  An orc warrior (D:5)
  3 sky beasts (D:6)
  An ice beast (D:6)
  A necrophage (D:6)
  3 ogres
  A centaur (D:6)
  2 phantoms
  A bullfrog (D:4)
  3 scorpions
  A water moccasin skeleton (D:5)
  5 wights (D:6)
  A bullfrog zombie (D:4)
  A jelly (D:6)
  2 hounds (D:5)
  A centaur skeleton (D:6)
  2 iguanas (D:5)
  An orc wizard (D:7)
  A hound skeleton (D:2)
  10 adders
  7 gnolls
  A white imp (D:5)
  A worm (D:2)
  A dart slug (D:2)
  8 orcs
  6 ball pythons
  9 bats
  6 endoplasms
  2 giant cockroaches (D:2)
  4 goblins
  6 hobgoblins
  4 jackals
  9 quokkas
  3 frilled lizards
  13 kobolds
  4 rats
125 creatures vanquished.

Vanquished Creatures (others)
  433 foxfires
433 creatures vanquished.

Grand Total: 558 creatures vanquished

Notes
Turn   | Place    | Note
-------+----------+-------------------------------------------
     0 | D:1      | Demosthentine the Draconian Fire Elementalist began the
                  | quest for the Orb.
     0 | D:1      | Reached XP level 1. HP: 14/14 MP: 3/3
   430 | D:1      | Found a faded altar of an unknown god.
   483 | D:1      | Reached XP level 2. HP: 20/20 MP: 1/5
  1465 | D:2      | Reached XP level 3. HP: 26/26 MP: 2/6
  1605 | D:2      | Found Qotuf's Assorted Antiques.
  1611 | D:2      | Bought a scroll labelled MOADAP TUBBYT for 21 gold pieces
  1611 | D:2      | Bought a scroll labelled COCIMU ERGHEATE for 21 gold pieces
  1981 | D:2      | Reached XP level 4. HP: 33/33 MP: 2/7
  2505 | D:3      | Learned a level 2 spell: Scorch
  2509 | D:3      | Learned a level 3 spell: Conjure Flame
  2609 | D:3      | Reached XP level 5. HP: 38/38 MP: 3/9
  3604 | D:4      | Noticed an ogre
  3613 | D:4      | Killed an ogre
  3614 | D:4      | Reached XP level 6. HP: 31/45 MP: 4/11
  3982 | D:4      | Found a staircase to the Ecumenical Temple.
  4052 | Temple   | Entered the Ecumenical Temple
  4239 | Temple   | Became a worshipper of Vehumet
  4429 | D:5      | Entered Level 5 of the Dungeon
  4439 | D:5      | Learned a level 4 spell: Flame Wave
  4798 | D:5      | Your scales start taking on an icy white colour.
  4798 | D:5      | Reached XP level 7. HP: 50/50 MP: 6/12
  4798 | D:5      | Gained mutation: Your flesh is cold resistant. (rC+) [White
                  | Draconian growth]
  5561 | D:6      | Reached XP level 8. HP: 57/57 MP: 2/14
  6176 | D:6      | Reached skill level 5 in Conjurations
  6178 | D:6      | Reached skill level 5 in Spellcasting
  6278 | D:6      | Upgraded the game from 0.28-a0-769-g550dbda0cd to
                  | 0.28-a0-773-g130ae17fe5
  6285 | D:6      | Reached skill level 5 in Dodging
  6294 | D:6      | Reached skill level 5 in Fire Magic
  6302 | D:6      | Reached * piety under Vehumet
  6302 | D:6      | Offered knowledge of Shock by Vehumet.
  6998 | D:6      | Found Anunwowa's Hallowed Reliquary.
  7002 | D:6      | Noticed an angel
  7006 | D:6      | Bought a potion of heal wounds for 55 gold pieces
  7485 | D:7      | Reached XP level 9. HP: 62/62 MP: 10/17
  7487 | D:7      | Learned a level 1 spell: Shock
  7492 | D:7      | Learned a level 4 spell: Hailstorm
  7736 | D:7      | Paralysed by a hornet for 1 turns
  7755 | D:7      | Slain by a hornet

Illustrated notes

Levels and vault maps discovered:
D:1:      dpeg_arrival_windows_large_door, layout_loops_corners,
          shapermc_ecumenical_altar_gd
D:2:      minmay_razor_zed, layout_basic, serial_shops, shop
D:3:      layout_loops_ring, glass_columns_a
D:4:      layout_layer_cave, minmay_temple_entry_statues_fountains
D:5:      layout_loops_ring
D:6:      layout_loops_corners, nicolae_good_shop
D:7:      layout_basic, grunt_temple_overflow_cloverleaf, uniq_joseph
Temple:   regret_index_temple_mists

Skill      XL: |  1  2  3  4  5  6  7  8 |
---------------+-------------------------+-----
Dodging        | 2 3 4 5 |  5.6
Conjurations   | 2 3 4 5 |  5.9
Spellcasting   | 3 4 5 |  5.6
Fire Magic     | 4 5 |  5.4
Stealth        | |  1.7
Ice Magic      | |  0.3

Action                   |  1- 3 |  4- 6 |  7- 9 || total
-------------------------+-------+-------+-------++-------
Melee: Unarmed           |     4 |       |   118 ||   122
       Tailslap          |     1 |       |    13 ||    14
 Cast: Foxfire           |    66 |    98 |   111 ||   275
       Scorch            |       |    15 |    34 ||    49
       Flame Wave        |       |       |     2 ||     2
 Abil: Breathe Frost     |       |       |     3 ||     3
  Use: Scroll            |     2 |     5 |     1 ||     8
Armor: Skin              |     9 |    37 |   161 ||   207
Dodge: Dodged            |    26 |    44 |   168 ||   238

Table legend: (Time is in decaauts)
 A = Elapsed time spent in this place.
 B = Non-inter-level travel time spent in this place.
 C = Inter-level travel time spent in this place.
 D = Time resting spent in this place.
 E = Time spent auto-exploring this place.
 F = Levels seen in this place.
 G = Mean time per level.
                   A        B        C        D        E       F      G
               +--------+--------+--------+--------+--------+-----+--------+
         Total |   7826 |   7656 |    170 |      0 |   6116 |   8 |  978.2 |
       Dungeon |   7555 |   7385 |    170 |      0 |   5933 |   7 | 1079.3 |
        Temple |    271 |    271 |      0 |      0 |    183 |   1 |  271.0 |
               +--------+--------+--------+--------+--------+-----+--------+

Top non-repeatable levels by time:
     D:6: 1659 daAuts
     D:5: 1387 daAuts
     D:1: 1332 daAuts
     D:2: 1154 daAuts
     D:3: 1065 daAuts
     D:4: 676 daAuts
     D:7: 280 daAuts
  Temple: 271 daAuts
